 Dungeon Crawl Stone Soup version 0.28.0-53-g5a82cb258f (webtiles) character file.

Game seed: 5999842698814525382

5128 Peloso the Carver (level 10, -5/91 HPs)
             Began as a Minotaur Fighter on July 12, 2022.
             Was a Priest of Okawaru.
             Shot with a bolt by an orc warlord (43 damage)
             ... in a bailey.
             The game lasted 00:19:41 (9948 turns).

Peloso the Carver (Minotaur Fighter)                Turns: 9948, Time: 00:19:42

Health: -5/91      AC: 18    Str: 23    XL:     10   Next: 33%
Magic:  7/9        EV:  9    Int:  5    God:    Okawaru [***...]
Gold:   350        SH:  7    Dex: 12    Spells: 9/9 levels left

rFire   . . .      SeeInvis .   a - +2 falchion (venom)
rCold   . . .      Faith    .   c - +0 buckler
rNeg    + . .      Spirit   .   g - +0 plate armour
rPois   .          Reflect  .   (helmet restricted)
rElec   .          Harm     .   m - scarf {repulsion}
rCorr   .          Rampage  .   (no gloves)
Will    +....                   j - +0 pair of boots
Stlth   ..........              (no amulet)
HPRegen 0.25/turn               i - ring of willpower
MPRegen 0.11/turn               p - ring of positive energy

@: mighty, heroic, repel missiles
A: horns 2, retaliatory headbutt
a: Renounce Religion, Heroism


You were in a bailey.
You worshipped Okawaru.
Okawaru was most pleased with you.
You visited 2 branches of the dungeon, and saw 9 of its levels.
You also visited: Sewer, Ossuary and Bailey.

You collected 350 gold pieces.

Inventory:

Hand Weapons
 a - a +2 falchion of venom (weapon)
Missiles
 G - 2 throwing nets (quivered)
Armour
 b - a +1 scale mail
 c - a +0 buckler (worn)
 g - a +0 plate armour (worn)
 j - a +0 pair of boots (worn)
 m - a scarf of repulsion (worn)
Jewellery
 i - a ring of willpower (left hand)
 p - a ring of positive energy (right hand)
 D - a ring of fire
Wands
 y - a wand of polymorph (8)
 z - a wand of acid (2)
Scrolls
 l - 4 scrolls of blinking
 o - 3 scrolls of teleportation
 q - 2 scrolls of fog
 s - 3 scrolls of magic mapping
 t - 4 scrolls of fear {unknown}
 v - 3 scrolls of amnesia
 w - 2 scrolls of silence {unknown}
 A - a scroll of holy word
 B - a scroll of acquirement {unknown}
 E - 2 scrolls of noise {unknown}
 F - a scroll of enchant armour
 I - a scroll of immolation
Potions
 d - 2 potions of might
 e - 3 potions of cancellation
 f - 2 potions of invisibility
 h - 3 potions of flight
 k - 2 potions of mutation
 n - 3 potions of brilliance {unknown}
 r - 2 potions of lignification {unknown}
 u - 5 potions of curing
 x - 2 potions of heal wounds {unknown}
 C - 3 potions of haste {unknown}
 H - a potion of resistance {unknown}


   Skills:
 + Level 9.4(14.4) Fighting
 + Level 14.9(19.9) Long Blades
 + Level 10.2(15.2) Armour
 + Level 1.1(6.1) Dodging
 + Level 1.4(6.4) Stealth
 + Level 7.3(12.3) Shields
 + Level 0.3 Invocations
 + Level 0.4 Evocations


You had 9 spell levels left.
You didn't know any spells.
Your spell library contained the following spells:

 Spells                   Type           Power      Damage    Failure   Level
 Slow                     Hex            0%         N/A       99%         1
 Corpse Rot               Necr/Air       0%         N/A       100%        2
 Poisonous Vapours        Pois/Air       0%         N/A       100%        2
 Sublimation of Blood     Necr           0%         N/A       100%        2
 Wereblood                Tmut           0%         N/A       100%        2
 Confusing Touch          Hex            0%         N/A       100%        3
 Vampiric Draining        Necr           0%         2d6       100%        3
 Blade Hands              Tmut           0%         N/A       100%        5
 Iron Shot                Conj/Erth      0%         9d1       100%        6
 Animate Armour           Summ/Erth      Unusable   N/A       N/A         4
 Summon Hydra             Summ           Unusable   N/A       N/A         7

Dungeon Overview and Level Annotations

Branches:
Dungeon (8/15)             Temple (1/1) D:5           Sewer (visited)
Ossuary (visited)          Bailey (1/1)
   Lair: D:8-11

Altars:
Fedhas
Makhleb
Okawaru
Trog
Xom

Shops:
D:3 [   D:5 =


Innate Abilities, Weirdness & Mutations

You have a pair of horns on your head.
You reflexively headbutt those who attack you in melee.


Message History

Okawaru accepts your kill.
Things that are here:
a +0 hand axe; a +0 ring mail You feel like a meek peon again.
There is an open door, spattered with blood here.
Items here: ))))))) [[[[[[[ ÷ ††.
Okay, then.
You start resting.
Magic restored.
You start resting.
An orc warlord comes into view. It is wielding a +0 battleaxe.
Aiming: Corrosive Bolt
Press: ? - help, Shift-Dir - straight line, f - orc warlord
Aim: an orc warlord, wielding a +0 battleaxe, wearing a +0 chain mail and quivering bolts (wandering, hasn't noticed you, 79% to hit)
The bolt of acid hits the orc warlord!!
The orc warlord is lightly wounded.
The orc warlord shouts!
The orc warlord roars a battlecry!
You hear a shout! x2
Aiming: Corrosive Bolt
Press: ? - help, Shift-Dir - straight line, f/p - orc warlord
Aim: an orc warlord, wielding a +0 battleaxe, wearing a +0 chain mail and quivering bolts (lightly wounded, 79% to hit)
The bolt of acid misses the orc warlord.
The orc warlord unwields a +0 battleaxe.
The orc warlord wields a +4 arbalest of freezing.
It is covered in frost.
The orc warlord shoots a bolt.
The bolt hits you! The bolt freezes you!
Aiming: Corrosive Bolt
Press: ? - help, Shift-Dir - straight line, f/p - orc warlord
Aim: an orc warlord, wielding a +4 arbalest of freezing, wearing a +0 chain mail and quivering bolts (lightly wounded, 79% to hit)
The bolt of acid hits the orc warlord.
The orc warlord is lightly wounded.
You hear a shout!
The orc warlord shoots a bolt.
The bolt hits you! The bolt freezes you.
You gain the combat prowess of a mighty hero.
The orc warlord shoots a bolt.
You block the bolt.
You feel very mighty all of a sudden.
The orc warlord shoots a bolt.
The bolt hits you but does no damage.
The orc warlord shoots a bolt.
The bolt hits you!!!
You die...

.....⌠.....# .......)...#
.......)...# #......)..###
### ... ###...).###.###
###.###.go ###.#)#.....###
###.....#'#
###)........###.........##
#...........#...........#
#..........@#...........#
#.....⌠.....#.....⌠.....#
#...........o)).........#
#...........#...........#
##.........###.........##
###.....### ###.....###
###.### ###.### ### ###


You could see an orc warlord.

Vanquished Creatures
  An orc knight (Bailey)
  A steam dragon (D:8)
  3 vampire mosquitoes
  A sky beast (D:5)
  2 ogres
  8 orc warriors
  A necrophage (D:7)
  An ice beast (D:6)
  3 centaurs
  A phantom (D:5)
  2 kobold brigands
  2 gnoll sergeants (D:6)
  4 bullfrogs
  10 scorpions
  A wyvern skeleton (D:7)
  2 water moccasin skeletons
  4 wights (D:7)
  2 centaur zombies (Ossuary)
  3 bullfrog zombies
  A centaur skeleton (D:7)
  3 human zombies (Ossuary)
  4 hounds
  3 jellies
  A bullfrog skeleton (D:7)
  2 orc priests
  Jessica (D:3)
  3 iguanas
  Terence (D:3)
  4 scorpion zombies (Ossuary)
  3 orc wizards
  A killer bee zombie (D:7)
  3 mummies (Ossuary)
  A howler monkey zombie (D:8)
  11 gnolls
  A howler monkey skeleton (D:6)
  8 adders
  A white imp (D:5)
  A dart slug (D:1)
  2 worms
  17 orcs
  6 ball pythons
  11 endoplasms
  11 giant cockroaches
  3 gnoll zombies (Ossuary)
  16 goblins
  17 hobgoblins
  22 kobolds
  12 quokkas
  6 bats
  18 frilled lizards
  A goblin zombie (Ossuary)
  A hobgoblin zombie (Ossuary)
  2 orc zombies (Ossuary)
  3 rats (D:1)
253 creatures vanquished.

Notes
Turn   | Place    | Note
-------+----------+-------------------------------------------
     0 | D:1      | Peloso the Minotaur Fighter began the quest for the Orb.
     0 | D:1      | Reached XP level 1. HP: 19/19 MP: 0/0
   322 | D:1      | Reached XP level 2. HP: 23/27 MP: 1/1
   698 | D:1      | Reached skill level 3 in Long Blades
   841 | D:1      | Reached XP level 3. HP: 33/33 MP: 2/2
  1249 | D:2      | Reached XP level 4. HP: 24/40 MP: 3/3
  1446 | D:2      | Found a bloodstained altar of Trog.
  2192 | D:3      | Found Ketin's Armour Emporium.
  2290 | D:3      | Noticed Jessica
  2304 | D:3      | Killed Jessica
  2305 | D:3      | Reached skill level 4 in Long Blades
  2556 | D:3      | Noticed Terence
  2572 | D:3      | Killed Terence
  2573 | D:3      | Reached XP level 5. HP: 35/38 MP: 4/4
  2848 | D:4      | Found a glowing drain.
  2879 | Sewer    | Entered a sewer
  2997 | Sewer    | Reached skill level 5 in Armour
  3268 | Sewer    | Reached skill level 5 in Fighting
  3268 | Sewer    | Reached XP level 6. HP: 47/55 MP: 5/5
  3570 | D:4      | Reached skill level 5 in Long Blades
  4161 | D:5      | Entered Level 5 of the Dungeon
  4213 | D:5      | Reached skill level 6 in Long Blades
  4289 | D:5      | Found a sand-covered staircase.
  4309 | D:5      | Reached skill level 7 in Long Blades
  4309 | D:5      | Reached XP level 7. HP: 12/61 MP: 6/6
  4415 | Ossuary  | Entered an ossuary
  5063 | Ossuary  | Reached skill level 8 in Long Blades
  5124 | Ossuary  | Reached skill level 5 in Shields
  5148 | Ossuary  | Reached XP level 8. HP: 62/71 MP: 7/7
  5169 | Ossuary  | Reached skill level 9 in Long Blades
  5262 | Ossuary  | Reached skill level 10 in Long Blades
  5502 | D:5      | Found a staircase to the Ecumenical Temple.
  5511 | Temple   | Entered the Ecumenical Temple
  5532 | Temple   | Became a worshipper of Warmaster Okawaru
  5886 | D:5      | Reached skill level 11 in Long Blades
  5953 | D:5      | Found Wulata's Jewellery Emporium.
  6291 | D:6      | Reached skill level 1 in Stealth
  6854 | D:6      | Reached XP level 9. HP: 70/79 MP: 8/8
  6899 | D:6      | Reached * piety under Okawaru
  6900 | D:6      | Reached skill level 12 in Long Blades
  7352 | D:6      | Found a burning altar of Makhleb.
  7363 | D:6      | Identified the +1 robe of Rear Hiu {+Inv}
  7670 | D:7      | Reached skill level 13 in Long Blades
  7890 | D:7      | Reached ** piety under Okawaru
  8414 | D:7      | Reached skill level 14 in Long Blades
  9266 | D:8      | Reached XP level 10. HP: 60/90 MP: 9/9
  9396 | D:8      | Found a flagged portal.
  9405 | Bailey   | Entered a bailey
  9478 | Bailey   | Reached *** piety under Okawaru
  9552 | Bailey   | Noticed an orc knight
  9581 | Bailey   | Killed an orc knight
  9582 | Bailey   | Reached skill level 1 in Dodging
  9817 | Bailey   | Reached skill level 10 in Armour
  9942 | Bailey   | Noticed an orc warlord
  9948 | Bailey   | Shot with a bolt by an orc warlord

Illustrated notes

Levels and vault maps discovered:
D:1:      evilmike_arrival_plus, layout_basic,
          wander_ebering_terrifying_dragon_lair
D:2:      layout_loops_cross, basic_altar, amcnicky_mini_rare_corridor_liquid,
          minmay_domino_4
D:3:      layout_rooms, serial_shops, shop, kennysheep_jessica_study,
          uniq_terence
D:4:      layout_loops_cross, portal_sewer_entry_f, st_stairs_6,
          minmay_goblin_kobold_house
D:5:      layout_basic, minmay_temple_entry_purple_smoke, serial_shops,
          nicolae_shop_crystal, nicolae_ossuary_entry_ruins
D:6:      layout_loops_corners, bloody_makhleb
D:7:      layout_layer_cave
D:8:      layout_basic, enter_bailey_8
Temple:   mainiacjoe_temple_circle_huts
Bailey:   bailey_axe_minmay_hex_keep, bailey

Skill      XL: |  1  2  3  4  5  6  7  8  9 10 |
---------------+-------------------------------+-----
Shields        | 4 5 6 7 |  7.3
Armour         | 4 5 7 9 10 | 10.2
Long Blades    | 3 4 7 8 11 14 | 14.9
Fighting       | 4 5 6 7 8 9 |  9.4
Stealth        | 1 |  1.4
Dodging        | 1 |  1.1
Invocations    | |  0.3
Evocations     | |  0.4

Action                   |  1- 3 |  4- 6 |  7- 9 | 10-12 || total
-------------------------+-------+-------+-------+-------++-------
Melee: Long sword        |    84 |   220 |   287 |       ||   591
       Headbutt          |     4 |    32 |    84 |    24 ||   144
       Falchion          |       |       |    62 |   110 ||   172
Invok: Heroism           |       |       |     1 |     5 ||     6
Evoke: Wand              |       |       |       |     6 ||     6
  Use: Scroll            |     4 |     4 |     6 |     1 ||    15
       Potion            |       |     2 |     1 |     1 ||     4
Armor: Scale mail        |    41 |       |       |       ||    41
       Plate armour      |    22 |   133 |   181 |    28 ||   364
Dodge: Dodged            |    58 |    71 |    85 |    31 ||   245
Block: Buckler           |    27 |    48 |    90 |    23 ||   188
